 Dungeon Crawl Stone Soup version 0.31.0-4-g52a2dc7128 (webtiles) character file.

Game seed: 2736124601388103007

640 Colgate the Covered (level 7, 0/52 HPs)
             Began as a Mummy Ice Elementalist on Jan 22, 2024.
             Was a Priest of Okawaru.
             Slain by an orc
             ... wielding a +0 dagger
              (4 damage)
             ... on level 3 of the Dungeon.
             The game lasted 00:26:14 (4299 turns).

Colgate the Covered (Mummy Ice Elementalist)        Turns: 4299, Time: 00:26:14

Health: 0/52       AC: 11    Str: 20    XL:     7   Next: 26%
Magic:  10/11      EV: 10    Int: 14    God:    Okawaru [***...]
Gold:   163        SH:  0    Dex: 12    Spells: 10/11 levels left

rFire   x . .        a - +0 bardiche
rCold   + + .        (shield currently unavailable)
rNeg    + + +        q - +0 scale mail
rPois   ∞            p - +2 helmet
rElec   .            m - +0 cloak
rCorr   .            (no gloves)
SInv    .            (no boots)
Will    .....        (no amulet) Stlth
                     t - ring of protection from cold
HPRegen 0.28/turn    e - +6 ring of strength
MPRegen 0.12/turn

%: faith
@: no status effects
A: cold resistance 1, negative energy resistance 3, torment resistance 2, heat
vulnerability 1, in touch with death 1, no potions, faith
a: Renounce Religion, Heroism


You were on level 3 of the Dungeon.
You worshipped Okawaru.
Okawaru was most pleased with you.
You visited 1 branch of the dungeon, and saw 5 of its levels.

You collected 163 gold pieces.

Inventory:

Hand Weapons
 a - a +0 bardiche (weapon)
 b - the +6 hammer "Qiost" {heavy, rC+}
   (You found it on level 2 of the Dungeon)

   rC+:       It protects you from cold.
 d - a +0 long sword
 f - a +0 whip
 l - a +2 mace of protection
 n - a +2 quarterstaff of chaos
Missiles
 g - a javelin (quivered)
 i - 5 boomerangs
Armour
 m - a +0 cloak (worn)
 p - a +2 helmet (worn)
 q - a +0 scale mail (worn)
Magical Staves
 o - a staff of earth
Jewellery
 e - a +6 ring of strength (right hand)
 t - a ring of protection from cold (left hand)
Scrolls
 c - a scroll of enchant weapon
 h - a scroll of vulnerability
 j - 2 scrolls of revelation
 k - a scroll of fog
 s - 2 scrolls of identify {@r1}
 u - a scroll of immolation {unknown}


   Skills:
 - Level 3.6 Fighting
 - Level 1.4 Maces & Flails
 + Level 2.3 Polearms
 - Level 4.2 Armour
 - Level 1.5 Dodging
 - Level 1.5 Stealth
 - Level 2.6 Spellcasting
 - Level 3.6 Ice Magic


You had 10 spell levels left.
You knew the following spells:

 Your Spells              Type           Power      Damage    Failure   Level
a - Freeze                Ice            48%        1d6       13%         1

Your spell library contained the following spells:

 Spells                   Type           Power      Damage    Failure   Level
 Frozen Ramparts          Ice            24%        1d4       36%         3
 Ozocubu's Armour         Ice            12%        N/A       36%         3
 Inner Flame              Hex/Fire       1%         N/A       87%         3
 Petrify                  Alch/Erth      1%         N/A       99%         4
 Irradiate                Conj/Alch      0%         3d11      100%        5
 Ignition                 Fire           0%         3d3       100%        8
 Summon Ice Beast         Ice/Summ       Unusable   N/A       N/A         3
 Sublimation of Blood     Necr           Unusable   N/A       N/A         2

Dungeon Overview and Level Annotations

Branches:
Dungeon (5/15)
 Temple: D:4-7

Altars:
Okawaru


Innate Abilities, Weirdness & Mutations

You are immune to poison.
Your flesh is cold resistant. (rC+)
You are immune to negative energy. (rN+++)
You are immune to unholy pain and torment.
You are vulnerable to heat. (rF-)
You are in touch with the powers of death.
You do not drink.
You have a special connection with the divine. (Faith)


Message History

Okay, then.
Throw: 3 javelins
Press: ? - help, Q - select action, (/) - cycle Shift-Dir - straight line, f - orc
Aim: an orc, wielding a +0 dagger and wearing a +0 leather armour (54% to hit)
Okay, then.
You gain the combat prowess of a mighty hero.
Throw: 3 javelins
Press: ? - help, Q - select action, (/) - cycle Shift-Dir - straight line, f - orc
Aim: an orc, wielding a +0 dagger and wearing a +0 leather armour (62% to hit)
You throw a javelin. The javelin closely misses the orc.
The javelin hits Edmund and shatters for extra damage!!
Throw: 2 javelins
Press: ? - help, Q - select action, (/) - cycle Shift-Dir - straight line, f/p - orc
Aim: an orc, wielding a +0 dagger and wearing a +0 leather armour (62% to hit)
You throw a javelin.
The javelin pierces through the orc but does no damage.
The javelin pierces through Edmund!
You kill Edmund!
Okawaru is honoured by your kill. The orc hits you but does no damage.
Your base Polearms skill increases to level 2!
You are too injured to fight recklessly!
You barely miss the orc. The orc hits you with a +0 dagger.
* * * LOW HITPOINT WARNING * * *
You barely miss the orc. The orc hits you but does no damage.
The orc closely misses you.
You closely miss the orc. The orc hits you with a +0 dagger.
* * * LOW HITPOINT WARNING * * *
You hit the orc but do no damage. The orc completely misses you.
The orc hits you but does no damage.
You closely miss the orc.
You feel like a meek peon again. The orc hits you but does no damage.
You closely miss the orc. The orc hits you with a +0 dagger.
* * * LOW HITPOINT WARNING * * *
The orc hits you with a +0 dagger.
* * * LOW HITPOINT WARNING * * *
You barely miss the orc. The orc hits you but does no damage.
The orc hits you with a +0 dagger.
You die...

#.# #..###
#.... #.#
#..##########
#.#
#............
#.#
#.###########
#.# #†# #....
#.#
#.#######<###
#.#
#.......†.#
#[#
#############
#@# #........
#o# #.#######
#.# #.#######
#.# #........
#)# ########.
#.# #. #># #.
#(# #. #.###
#.


You could see an orc.

Vanquished Creatures
  Grinder (D:4)
  Edmund (D:3)
  A scorpion (D:3)
  A bombardier beetle (D:3)
  Crazy Yiuf (D:2)
  Natasha (thrice) (D:4)
  An orc wizard (D:3)
  Robin (D:1)
  An adder (D:4)
  A shadow imp (D:3)
  2 dart slugs
  2 orcs
  4 bats
  5 endoplasms
  3 giant cockroaches
  10 goblins
  8 hobgoblins
  6 jackals
  2 quokkas
  9 ball pythons
  A frilled lizard (D:2)
  8 kobolds
  6 rats
78 creatures vanquished.

Notes
Turn   | Place    | Note
-------+----------+-------------------------------------------
     0 | D:1      | Colgate the Mummy Ice Elementalist began the quest for the
                  | Orb.
     0 | D:1      | Reached XP level 1. HP: 13/13 MP: 4/4
   337 | D:1      | Reached XP level 2. HP: 19/19 MP: 1/5
   402 | D:1      | Found a faded altar of an unknown god.
   409 | D:1      | Prayed at the altar of an unknown god.
   409 | D:1      | Became a worshipper of Warmaster Okawaru
   409 | D:1      | Reached * piety under Okawaru
   577 | D:1      | Reached skill level 1 in Fighting
  1161 | D:2      | Reached XP level 3. HP: 27/27 MP: 4/7
  1317 | D:2      | Found a runed translucent door.
  1318 | D:2      | Noticed Crazy Yiuf
  1328 | D:2      | Killed Crazy Yiuf
  1427 | D:2      | Identified the +6 hammer "Qiost" {heavy, rC+}
  1592 | D:2      | Noticed Robin
  1618 | D:1      | Reached XP level 4. HP: 35/35 MP: 8/8
  1623 | D:1      | Killed Robin
  2638 | D:3      | Reached skill level 1 in Armour
  2638 | D:3      | Reached XP level 5. HP: 37/41 MP: 9/9
  2952 | D:4      | Noticed Grinder
  3095 | D:4      | Noticed Edmund
  3162 | D:3      | Reached skill level 2 in Armour
  3193 | D:4      | Killed Grinder
  3193 | D:4      | Reached ** piety under Okawaru
  3194 | D:4      | Reached skill level 4 in Armour
  3194 | D:4      | Reached XP level 6. HP: 41/47 MP: 10/10
  3227 | D:4      | Noticed Natasha
  3231 | D:4      | Killed Natasha
  3237 | D:4      | Reached skill level 1 in Maces & Flails
  3340 | D:4      | Noticed Natasha
  3346 | D:4      | Killed Natasha
  3398 | D:4      | Noticed Natasha
  3920 | D:5      | Entered Level 5 of the Dungeon
  4244 | D:4      | Killed Natasha
  4245 | D:4      | Reached skill level 1 in Polearms
  4245 | D:4      | Reached XP level 7. HP: 52/52 MP: 11/11
  4292 | D:3      | Killed Edmund
  4292 | D:3      | Reached *** piety under Okawaru
  4299 | D:3      | Slain by an orc

Illustrated notes

Levels and vault maps discovered:
D:1:      hellmonk_arrival_library, layout_loops_cross,
          hellmonk_ecumenical_altar_arch_garden, reono_crystal_passage
D:2:      layout_loops_ring, uniq_crazy_yiuf_cottage, uniq_robin
D:3:      layout_loops_ring
D:4:      layout_rooms, uniq_edmund, uniq_grinder, uniq_natasha
D:5:      layout_basic

Skill      XL: |  1  2  3  4  5  6  7 |
---------------+----------------------+-----
Fighting       | 1 3 |  3.6
Armour         | 1 4 |  4.2
Maces & Flails | 1 |  1.4
Polearms       | 1 2 |  2.3
Dodging        | |  1.5
Stealth        | |  1.5
Spellcasting   | |  2.6
Ice Magic      | |  3.6

Action                     |  1- 3 |  4- 6 |  7- 9 || total
---------------------------+-------+-------+-------++-------
  Melee: Long sword        |     1 |       |       ||     1
         Mace              |    22 |    71 |       ||    93
         Bardiche          |       |    23 |    15 ||    38
         Punch             |       |     2 |       ||     2
  Throw: Javelin           |       |       |     2 ||     2
   Cast: Freeze            |    35 |       |       ||    35
 Invoke: Heroism           |     1 |       |     2 ||     3
    Use: Scroll            |       |     8 |     1 ||     9
   Stab: Sleeping          |     1 |       |       ||     1
 Armour: Robe              |    23 |       |       ||    23
         Ring mail         |     6 |    16 |       ||    22
         Scale mail        |       |    84 |    26 ||   110
  Dodge: Dodged            |    20 |    59 |    17 ||    96
